Map: Lost and Found LE

Players

Lambo

  • Race: Zerg Zerg
  • Spawn Location: 7:00

ShaDoWn - Winner!

  • Race: Protoss Protoss
  • Spawn Location: 1:00

Event: WCS Valencia 2018

VOD

Have the link to the VOD?

Description

Time

  • Played on: July 12, 2018, 7 a.m.
  • Length: 6:58

All games in this series

Show
View Real Time Build Order
Export as new Build Order

Lambo Zerg 

Build Orders: Hatch First, Ravager All-In 

Get SALT Encoding   

  12  0:00  Drone  
  13  0:12  Overlord  
  13  0:16  Drone  
  14  0:30  Drone x2  
  16  0:46  Hatchery  
  15  0:50  Drone  
  15  0:54  Drone  
  18  0:57  Drone  
  18  1:07  Extractor  
  17  1:12  Spawning Pool  
  17  1:15  Drone  
  17  1:18  Drone  
  18  1:28  Drone  
  19  1:38  Drone  
  20  1:58  Zergling x2  
  20  1:59  Zergling x2  
  22  2:06  Roach Warren  
  20  2:22  Extractor  
  20  2:26  Queen  
  20  2:28  Drone  
  22  2:44  Hatchery  
  21  2:48  Roach  
  23  2:56  Overlord  
  23  3:15  Roach x2  
  23  3:16  Ravager  
  23  3:17  Overlord  
  28  3:27  Roach  
  30  3:36  Ravager  
  30  3:37  Ravager  
  32  3:42  Overlord  
  29  3:59  Roach, Queen  
  29  4:09  Roach  
  31  4:11  Roach, Ravager  
  34  4:18  Roach  
  36  4:28  Roach  
  38  4:39  Ravager  
  38  4:42  Drone x3  
  38  4:44  Roach  
  42  4:56  Roach  
  42  5:01  Ravager  
  42  5:02  Roach  
  45  5:10  Roach  
  45  5:11  Roach  
  49  5:20  Ravager, Queen  
  50  5:30  Roach  
  50  5:31  Drone  
  51  5:41  Overlord  
  51  5:43  Ravager  
  52  5:52  Overlord  
  52  6:00  Ravager  
  52  6:01  Queen  
  52  6:03  Roach  
  57  6:17  Roach x3  
  56  6:24  Roach  
  56  6:25  Roach  
  53  6:35  Zergling x2  
  53  6:36  Zergling x2  
Show
View Real Time Build Order
Export as new Build Order

ShaDoWn Protoss - Winner!

Build Orders: Cannon Rush 

Get SALT Encoding   

  12  0:00  Probe  
  13  0:12  Probe  
  14  0:19  Pylon  
  14  0:25  Probe  
  15  0:33  Probe  
  15  0:42  Probe  
  16  0:44  Forge  
  17  0:51  Probe  
  19  1:12  Pylon  
  18  1:38  Probe  
  19  1:42  Pylon  
  19  1:44  Photon Cannon  
  19  1:46  Gateway, Photon Cannon  
  19  1:50  Photon Cannon  
  19  1:52  Pylon  
  19  1:53  Pylon  
  19  1:55  Pylon  
  19  2:07  Probe  
  19  2:08  Photon Cannon  
  19  2:15  Probe, Assimilator  
  19  2:16  Assimilator  
  20  2:24  Zealot  
  20  2:25  Probe  
  21  2:35  Cybernetics Core  
  23  2:37  Probe  
  24  2:50  Probe  
  25  3:07  Nexus  
  25  3:14  Warp Gate  
  25  3:25  Robotics Facility  
  25  3:28  Probe  
  25  3:31  Stalker  
  26  3:40  Probe  
  29  3:59  Immortal  
  29  4:00  Photon Cannon  
  29  4:03  Shield Battery  
  33  4:25  Gateway  
  33  4:32  Immortal  
  31  4:39  Probe  
  31  4:42  Probe  
  37  4:52  Probe  
  38  4:53  Gateway  
  38  5:14  Pylon  
  38  5:20  Pylon  
  38  5:21  Warp Prism  
  38  5:27  Shield Battery  
  38  5:32  Probe x2  
  38  5:33  Shield Battery  
  42  5:44  Sentry  
  42  5:45  Probe x2  
  42  5:49  Sentry  
  48  5:51  Immortal  
  48  5:53  Pylon  
  50  5:57  Probe x2  
  54  6:11  Probe  
  54  6:14  Sentry x2  
  54  6:18  Immortal  
  59  6:25  Probe x2  
  61  6:28  Pylon  
  61  6:29  Pylon  
  61  6:50  Sentry x2  
Tags
 
Add a new tag
Caveats
  • Supply blocks, unpowered buildings, or Contaminate may cause inaccurate times.
  • Supply counts are checked every 10 seconds.